 Dungeon Crawl Stone Soup version 0.18.1-50-g88ac8fd (webtiles) character file.

59 varam the Digger (level 4, -3/24 HPs)
             Began as a Gargoyle Earth Elementalist on Oct 8, 2016.
             Slain by Terence
             ... wielding a +0 mace
              (7 damage)
             ... on level 2 of the Dungeon.
             The game lasted 00:06:49 (1584 turns).

varam the Digger (Gargoyle Earth Elementalist)      Turns: 1584, Time: 00:06:50

Health: -3/24      AC:  6    Str: 12    XL:     4   Next: 3%
Magic:  8/9        EV: 12    Int: 16    God:
Gold:   39         SH:  0    Dex: 10    Spells: 1 memorised, 9 levels left

rFire  . . .     SeeInvis .     a - +0 dagger
rCold  . . .     Gourm    .     e - +0 robe
rNeg   + . .     Faith    .     (no shield)
rPois  ∞         Spirit   .     (no helmet)
rElec  +         Dismiss  .     n - +0 cloak
rCorr  .         Reflect  .     (no gloves)
SustAt .         Harm     .     (no boots)
MR     .....                    (no amulet)
Stlth  ++........               (no ring)
                                (no ring)

@: not resistant to hostile enchantments, unstealthy
A: negative energy resistance 1, electricity resistance, unbreathing,
petrification resistance, rot immunity, AC +3
a: no special abilities


You were on level 2 of the Dungeon.
You were not hungry.

You visited 1 branch of the dungeon, and saw 2 of its levels.

You collected 39 gold pieces.

Inventory:

Hand Weapons
 a - a +0 dagger (weapon)
Missiles
 b - 6 stones (quivered)
Armour
 e - a +0 robe (worn)
 n - a +0 cloak (worn)
Scrolls
 i - a scroll of identify {unknown}
 j - a scroll of teleportation {unknown}
 l - a scroll of amnesia {unknown}
Potions
 g - a potion of curing {unknown}
 h - 2 potions of flight {unknown}
 k - a potion of might {unknown}
 m - 2 potions of heal wounds {unknown}
Books
 c - a book of Geomancy

   Spells                             Type                      Level
   a - Sandblast                      Earth                        1
   b - Passwall                       Transmutation/Earth          2
   c - Stone Arrow                    Conjuration/Earth            3
   d - Petrify                        Transmutation/Earth          4
   e - Lee's Rapid Deconstruction     Earth                        5
Comestibles
 d - 2 bread rations
 f - 6 chunks of flesh


   Skills:
 - Level 1.5 Dodging
 - Level 2.1 Stealth
 * Level 3.6 Spellcasting
   Level 0.7 Transmutations
 + Level 4.1 Earth Magic


You had 9 spell levels left.
You knew the following spells:

 Your Spells              Type           Power        Failure   Level  Hunger
a - Sandblast             Erth           ###...       3%          1    None


Dungeon Overview and Level Annotations

Branches:
Dungeon (2/15)

Altars:

Annotations:
D:2 Terence


Innate Abilities, Weirdness & Mutations

You are resistant to torment.
Your stone body is resilient (AC +3).
You are immune to poison.
You resist negative energy.
You are resistant to electric shocks.
You can survive without breathing.
You are immune to petrification.
You are immune to rotting.


Message History

Terence hits you with a mace. Terence misses you. Terence barely misses you.
Terence barely misses you. Terence hits you but does no damage.
Terence hits you but does no damage. Terence hits you with a mace.
* * * LOW HITPOINT WARNING * * *
Casting: Sandblast
Confirm with . or Enter, or press ? or * to list all spells.
You don't know that spell.
Unknown command.
Read which item? (? for menu, Esc to quit)
Okay, then.
Terence hits you but does no damage. Terence hits you but does no damage.
Terence hits you with a mace.
* * * LOW HITPOINT WARNING * * *
Terence hits you with a mace!
You die...

#.# #.# .........# #.#
.........# #.#
.........## #.#
..........# #.#
..........# #.#
..........#######.######
................@@.....#
..........############.#
.....%.##.# #.# .g.....#
# #.# ...##'## #.#
...##.# #.# ...##.# #.#
...##)# #.# ...##.# #.#


You could see Terence.

Vanquished Creatures
  2 adders (D:2)
  A worm (D:2)
  A dart slug (D:1)
  3 bats
  3 giant cockroaches
  6 hobgoblins
  4 jackals (D:2)
  A kobold (D:1)
  A ball python (D:1)
  2 giant newts
  6 goblins
  3 rats
33 creatures vanquished.

Notes
Turn   | Place    | Note
--------------------------------------------------------------
     0 | D:1      | varam the Gargoyle Earth Elementalist began the quest for the Orb.
     0 | D:1      | Reached XP level 1. HP: 10/10 MP: 3/3
   470 | D:1      | Reached XP level 2. HP: 15/15 MP: 1/5
  1103 | D:2      | Reached XP level 3. HP: 19/19 MP: 3/7
  1117 | D:2      | Reached skill level 4 in Earth Magic
  1468 | D:2      | Noticed Terence
  1482 | D:2      | Reached XP level 4. HP: 17/24 MP: 5/9
  1584 | D:2      | Slain by Terence

Skill      XL: |  1  2  3 |
---------------+----------+-----
Spellcasting   | 3 |  3.6
Earth Magic    | 4 |  4.1
Dodging        | |  1.5
Stealth        | |  2.1
Transmutations | |  0.7

Action                   |  1- 3 |  4- 6 || total
-------------------------+-------+-------++-------
Melee: Dagger            |    33 |     2 ||    35
 Cast: Sandblast         |    48 |     9 ||    57
 Stab: Sleeping          |     1 |       ||     1
  Eat: Chunk             |     2 |       ||     2
Armor: Robe              |    18 |    11 ||    29
Dodge: Dodged            |    39 |    15 ||    54
